 Dungeon Crawl Stone Soup version 0.27-a0-1149-g4505690ab0 (webtiles) character file.

Game seed: 3458490627372884555

25 Sobieck the Shield-Bearer (level 3, -2/29 HPs)
             Began as a Formicid Fighter on May 13, 2021.
             Slain by an iguana (8 damage)
             ... on level 3 of the Dungeon.
             The game lasted 00:01:22 (673 turns).

Sobieck the Shield-Bearer (Formicid Fighter)         Turns: 673, Time: 00:01:23

Health: -2/29      AC: 10    Str: 21    XL:     3   Next: 17%
Magic:  3/3        EV:  8    Int:  7    God:
Gold:   29         SH:  9    Dex: 10    Spells: 2/2 levels left

rFire    . . .     SeeInvis +   a - +0 war axe {axe}
rCold    . . .     Faith    .   c - +0 kite shield
rNeg     . . .     Spirit   .   b - +0 scale mail
rPois    .         Reflect  .   (helmet unavailable)
rElec    .         Harm     .   (no cloak)
rCorr    .         Rampage  .   (no gloves)
Will     .....                  (no boots)
Stlth    ..........             (no amulet)
HPRegen  0.09/turn              e - +4 ring of protection
MPRegen  0.08/turn              (no ring)

@: no status effects
A: permanent stasis, dig shafts and tunnels, antennae 3, four strong arms
a: Dig, Shaft Self


You were on level 3 of the Dungeon.
You visited 1 branch of the dungeon, and saw 4 of its levels.

You collected 29 gold pieces.


Innate Abilities, Weirdness & Mutations

You cannot be hasted, slowed, berserked, paralysed or teleported.
You can dig through walls and to a lower floor.
You have a pair of large antennae on your head. (SInv)
Your four strong arms can wield two-handed weapons with a shield.


   Skills:
 - Level 3.2 Fighting
 + Level 3.4 Axes
 - Level 3.2 Armour
 - Level 3.6 Shields


You had 2 spell levels left.
You didn't know any spells.
Your spell library was empty.

Inventory:

Hand Weapons
 a - a +0 war axe (weapon) {axe}
Missiles
 f - 19 arrows
 g - 39 stones {throwing}
Armour
 b - a +0 scale mail (worn)
 c - a +0 kite shield (worn)
Jewellery
 e - a +4 ring of protection (left hand)
   (You found it on level 1 of the Dungeon)
Scrolls
 i - a scroll of noise {unknown}
Potions
 d - a potion of might
 h - a potion of heal wounds {unknown}

Dungeon Overview and Level Annotations

Branches:
Dungeon (4/15)
 Temple: D:4-7

Altars:
The Shining One

#########
###........
##.l....#
#...@...+
#.......#
#.##...##
#.##........
#.##......$.
#.###.......
#.# ......)
#.# #######
#.#


You could see an iguana.


Message History

i - a scroll labelled OGIEZI NUOM You sense a monster nearby.
A rat comes into view.
You completely miss the rat.
The rat bites you but does no damage. x2
You hit the rat.
You kill the rat!
No target in view!
No target in view!
A dart slug comes into view.
A rat comes into view.
The dart slug launches a dart at you.
The slug dart hits you but does no damage.
Your shield and scale mail prevent you from hitting the rat.
The rat barely misses you.
You hit the rat.
You kill the rat!
You slash the dart slug!
You kill the dart slug!
No target in view!
No target in view!
You see here a rat corpse.
You see here a rat corpse.
A hobgoblin comes into view.
The hobgoblin shouts!
The hobgoblin hits you but does no damage.
You slash the hobgoblin!
You kill the hobgoblin!
You have reached level 3!
Your experience leads to an increase in your attributes!
Increase (S)trength, (I)ntelligence, or (D)exterity?
You feel stronger. 😎 HP[+5] MP[+1]
You now have 29 max hp (+5).
Your hp is fully restored (29).
Your mp is fully restored (3).
g - 39 stones {throwing} (gained 18)
You fall into a shaft and drop 2 floors!
The shaft crumbles and collapses.
Found a glowing golden altar of the Shining One.
You open the door.
There is an open door here.
A giant cockroach comes into view.
You slash the giant cockroach!
You kill the giant cockroach!
A goblin comes into view. It is wielding a +0 club.
You enter the shallow water.
Moving in this stuff is going to be slow.
The goblin splashes around in the water.
Unknown command.
The goblin hits you but does no damage.
You slash the goblin!
You kill the goblin!
Things that are here:
a +0 club {mace}; a goblin corpse You now have 29 gold pieces (gained 16).
Found a stone staircase leading up.
A kobold comes into view. It is wielding a +0 short sword.
An iguana comes into view.
The iguana hisses angrily.
The kobold throws a stone.
The stone completely misses you.
There is a stone staircase leading up here.
You climb upwards.
A rat comes into view.
There is a stone staircase leading down here.
You block the rat's attack.
You hit the rat.
You kill the rat!
A quokka comes into view.
The quokka barely misses you.
The quokka bites you but does no damage.
You slash the quokka!
You kill the quokka!
There is a stone staircase leading down here.
You climb downwards.
You block the iguana's attack.
There is a stone staircase leading up here.
You hit the iguana. You block the iguana's attack.
You hit the iguana but do no damage. The iguana barely misses you.
You barely miss the iguana. The iguana bites you.
The kobold throws a stone.
You block the stone. The iguana closely misses you. 😕 HP[-2]
You take 2 damage, and now have 27/29 hp.
You hit the iguana but do no damage. The iguana bites you. 😕 HP[-3]
You take 3 damage, and now have 24/29 hp.
Your shield and scale mail prevent you from hitting the iguana.
The iguana bites you. x2 😮 HP[-8]
You take 8 damage, and now have 16/29 hp.
MASSIVE DAMAGE!! (PAUSE)
The kobold throws a stone.
You block the stone. You block the iguana's attack.
You climb upwards.
There is a stone staircase leading down here.
You closely miss the iguana.
The iguana bites you but does no damage. 😮 HP[+1]
You hit the iguana.
The iguana bites you but does no damage. x2
You closely miss the iguana. The iguana bites you!
* * * LOW HITPOINT WARNING * * *
The iguana bites you!
You die...

Skill      XL: |  1  2 |
---------------+-------+-----
Axes           | 3 |  3.4
Fighting       | |  3.2
Armour         | |  3.2
Shields        | |  3.6

Action                   || total
-------------------------++-------
Melee: War axe           ||    52
Armor: Scale mail        ||    26
Dodge: Dodged            ||    17
Block: Kite shield       ||    22

Levels and vault maps discovered:
D:1:      psy_arrival_terrarium, layout_basic, chequers_garden
D:2:      layout_basic, hellmonk_ecumenical_altar_zigzags
D:3:      layout_basic, hangedman_decor_growths, minmay_randomly_rotated_circles
D:4:      wander_river, layout_loops_ring, tso_altar,
          chequers_serial_rivers_large_a, uniq_blork_the_orc

Notes
Turn   | Place    | Note
-------+----------+-------------------------------------------
     0 | D:1      | Sobieck the Formicid Fighter began the quest for the Orb.
     0 | D:1      | Reached XP level 1. HP: 18/18 MP: 1/1
     0 | D:1      | magus.rc [v1.9.6]
    94 | D:1      | Reached XP level 2. HP: 24/24 MP: 2/2
   317 | D:2      | Reached skill level 3 in Axes
   480 | D:2      | Reached XP level 3. HP: 29/29 MP: 3/3
   557 | D:2      | You fall into a shaft and drop 2 floors!
   557 | D:4      | Found a glowing golden altar of the Shining One.
   673 | D:3      | HP: 6/29 [iguana (11)]
   673 | D:3      | Slain by an iguana

Vanquished Creatures
  A dart slug (D:2)
  2 ball pythons
  2 endoplasms (D:1)
  2 giant cockroaches
  A goblin (D:4)
  2 hobgoblins (D:2)
  4 jackals (D:1)
  2 quokkas
  3 rats
19 creatures vanquished.

Table legend:
 A = Non-vault XP
 B = Vault XP
 C = Vault XP percentage of total XP
 D = Non-vault monster count
 E = Vault monster count
 F = Vault count percentage of total count
                 A         B        C        D         E       F
            +---------+---------+-------+---------+---------+-------
      Total |      36 |       0 |   0.0 |      19 |       0 |   0.0
            +---------+---------+-------+---------+---------+-------
        D:1 |      18 |       0 |   0.0 |       9 |       0 |   0.0
        D:2 |      11 |       0 |   0.0 |       6 |       0 |   0.0
        D:3 |       3 |       0 |   0.0 |       2 |       0 |   0.0
        D:4 |       4 |       0 |   0.0 |       2 |       0 |   0.0
            +---------+---------+-------+---------+---------+-------

Illustrated notes

Table legend:
 A = Kills in this place as a percentage of kills in entire the game.
 B = Kills by you in this place as a percentage of kills by you in the entire game.
 C = Kills by friends in this place as a percentage of kills by friends in the entire game.
 D = Other kills in this place as a percentage of other kills in the entire game.
 E = Experience gained in this place as a percentage of experience gained in the entire game.
 F = Experience gained in this place divided by the number of levels of this place that you have seen.
                   A       B       C       D       E      F
               +-------+-------+-------+-------+-------+----------------------
         Total | 100.0 | 100.0 |   N/A |   N/A | 100.0 |   9.0
       Dungeon | 100.0 | 100.0 |   N/A |   N/A | 100.0 |   9.0
               +-------+-------+-------+-------+-------+----------------------

Table legend: (Time is in decaauts)
 A = Elapsed time spent in this place.
 B = Non-inter-level travel time spent in this place.
 C = Inter-level travel time spent in this place.
 D = Time resting spent in this place.
 E = Time spent auto-exploring this place.
 F = Levels seen in this place.
 G = Mean time per level.
                   A        B        C        D        E       F      G
               +--------+--------+--------+--------+--------+-----+--------+
         Total |    702 |    697 |      5 |    162 |    310 |   4 |  175.5 |
       Dungeon |    702 |    697 |      5 |    162 |    310 |   4 |  175.5 |
               +--------+--------+--------+--------+--------+-----+--------+

Top non-repeatable levels by time:
     D:1: 314 daAuts
     D:2: 263 daAuts
     D:4: 103 daAuts
     D:3: 21 daAuts
